[Event "Titled Tuesday Blitz August 08 Late 2023"]
[White "Grigorov, Grigor"]
[Black "Luczak, Filip"]
[WhiteFideId "2907313"]
[BlackFideId "1193686"]
[WhiteElo "2810"]
[BlackElo "2528"]
[Result "1-0"]
[Round "3"]
[TimeControl "180+1"]
[Date "2023.08.08"]
[WhiteClock "0:00:12"]
[BlackClock "0:00:00"]
[Board "37"]

1. d4 d5 2. c4 e6 3. Nf3 Nf6 4. g3 Be7 5. Bg2 O-O 6. O-O c6 7. Qc2 b6 8. Rd1 Bb7 9. b3 Nbd7 10. Nc3 Rc8 11. e4 dxe4 12. Nxe4 Nxe4 13. Qxe4 Nf6 14. Qc2 Qc7 15. Bf4 Bd6 16. Bxd6 Qxd6 17. c5 Qe7 18. Ne5 Nd7 19. b4 Rfd8 20. Nc4 Ba6 21. Nd6 Rc7 22. Qa4 Nb8 23. Rac1 Be2 24. Rd2 b5 25. Qb3 Bh5 26. a4 a6 27. Re1 Qg5 28. f4 Qh6 29. Rf2 Bg4 30. Re5 Nd7 31. Re1 Nf6 32. axb5 axb5 33. Qa3 Nd5 34. Qa5 Rcd7 35. Bxd5 exd5 36. Re7 Qf6 37. Re5 Qg6 38. f5 Qg5 39. Rf4 Bh3 40. Qa1 h5 41. Qe1 f6 42. Re8+ Kh7 43. Qe6 Rxe8 44. Qxe8 Ra7 45. Nf7 Ra1+ 46. Kf2 Rf1+ 47. Ke2 Bg4+ 48. Kxf1 1-0


[Site "https://www.chess.com"]

[Event "Titled Tuesday Blitz August 08 Late 2023"]
[White "Tristan, Leonardo"]
[Black "Hnydiuk, Aleksander"]
[WhiteFideId "113816"]
[BlackFideId "1109057"]
[WhiteElo "2789"]
[BlackElo "2526"]
[Result "1-0"]
[Round "3"]
[TimeControl "180+1"]
[Date "2023.08.08"]
[WhiteClock "0:00:24"]
[BlackClock "0:00:00"]
[Board "38"]

1. d4 d5 2. Nf3 Nf6 3. Bf4 c6 4. e3 Bg4 5. c4 e6 6. Nc3 Nbd7 7. Qb3 Qb6 8. c5 Qxb3 9. axb3 Bxf3 10. gxf3 a6 11. b4 Rc8 12. h3 Be7 13. Ne2 O-O 14. Nc1 Bd8 15. Bd6 Re8 16. Nb3 e5 17. Kd2 exd4 18. Nxd4 Ne5 19. h4 Bc7 20. Bh3 Nc4+ 21. Kc3 Nxd6 22. cxd6 Bxd6 23. Bxc8 Rxc8 24. Nb3 Nd7 25. Na5 Rc7 26. Rac1 Ne5 27. f4 Ng4 28. Rc2 Nf6 29. Kb3 Ne4 30. Ka4 Re7 31. Nb3 Kf8 32. Rd1 Re6 33. Nc5 Nxc5+ 34. bxc5 Bc7 35. Rc3 Re7 36. Rd4 a5 37. b4 b5+ 38. cxb6 Bxb6 39. bxa5 Ra7 40. Rxc6 Bxa5 41. Kb5 Be1 42. Rc2 Rb7+ 43. Kc6 Rb3 44. Kxd5 g6 45. Ke4 1-0


[Site "https://www.chess.com"]

[Event "Titled Tuesday Blitz August 08 Late 2023"]
[White "Kilic, Eray"]
[Black "Filipets, Egor"]
[WhiteFideId "44517173"]
[BlackFideId "13503928"]
[WhiteElo "2782"]
[BlackElo "2482"]
[Result "1/2-1/2"]
[Round "3"]
[TimeControl "180+1"]
[Date "2023.08.08"]
[WhiteClock "0:00:52"]
[BlackClock "0:00:18"]
[Board "39"]

1. d4 f5 2. g3 Nf6 3. Bg2 g6 4. c4 Bg7 5. Nc3 O-O 6. Nf3 d6 7. O-O Nh5 8. d5 f4 9. Qb3 Na6 10. Qa3 Bd7 11. b4 Qc8 12. Bb2 Bh3 13. Ne4 fxg3 14. fxg3 Bxg2 15. Kxg2 Qg4 16. Nf2 Qxc4 17. Bxg7 Nxg7 18. Rac1 Qxe2 19. Rfe1 Qb5 20. Rxe7 Qxd5 21. Rd1 Qf5 22. Qb3+ Rf7 23. Ng4 Kf8 24. Nh6 Qxf3+ 25. Qxf3 Rxf3 26. Rde1 Nf5 27. Rxh7 Nxh6 28. Kxf3 Ng8 29. b5 Nc5 30. Rxc7 Re8 31. Rf1 Re7 32. Kg2+ Kg7 33. Rc8 Nf6 34. Rd1 Nce4 35. Rdc1 d5 36. R1c7 Kf7 37. Rxe7+ Kxe7 38. Rc7+ Kd6 39. Rxb7 d4 40. Rxa7 d3 41. Ra3 d2 42. Rd3+ Kc5 43. Kf3 Kc4 44. Ke2 Nd5 45. Rxd2 Nxd2 46. Kxd2 Kxb5 47. Kd3 Nb4+ 48. Ke4 Nxa2 49. Kf4 Kc5 50. Kg5 Kd6 51. Kxg6 Ke7 52. Kg7 Nc3 53. h4 Ne2 54. g4 Nf4 55. h5 Ne6+ 56. Kg8 Kf6 57. h6 Ng5 58. Kf8 Kg6 59. h7 Nxh7+ 60. Ke7 Nf6 61. Ke6 Nxg4 1/2-1/2


[Site "https://www.chess.com"]

[Event "Titled Tuesday Blitz August 08 Late 2023"]
[White "Gurevich, Dmitry"]
[Black "Adewumi, Tanitoluwa"]
[WhiteFideId "2000407"]
[BlackFideId "30966396"]
[WhiteElo "2445"]
[BlackElo "2782"]
[Result "1-0"]
[Round "3"]
[TimeControl "180+1"]
[Date "2023.08.08"]
[WhiteClock "0:00:31"]
[BlackClock "0:00:01"]
[Board "40"]

1. d4 Nf6 2. c4 e6 3. Nf3 b6 4. g3 Ba6 5. b3 Bb4+ 6. Bd2 Be7 7. Bg2 c6 8. Bc3 d5 9. Nbd2 Nbd7 10. Qc2 O-O 11. e4 dxe4 12. Nxe4 Rc8 13. Ne5 c5 14. Nc6 Rxc6 15. Nxf6+ Bxf6 16. Bxc6 cxd4 17. Bb2 Ne5 18. Bg2 d3 19. Qd2 Bxc4 20. O-O Ba6 21. Rfe1 Nd7 22. Bxf6 Qxf6 23. Rac1 e5 24. Rc6 Qd8 25. b4 Bb5 26. Rc3 Qe7 27. a3 f5 28. Rc7 e4 29. Rxa7 Qd6 30. a4 Bc4 31. Rc1 Ne5 32. a5 bxa5 33. Rxa5 g5 34. Rxe5 Qxe5 35. Rxc4 Rb8 36. Qxg5+ Kh8 37. h4 Rg8 38. Qe3 h5 39. Qh6# 1-0


[Site "https://www.chess.com"]

[Event "Titled Tuesday Blitz August 08 Late 2023"]
[White "Hoffmann, Asa"]
[Black "Fier, Alexandr"]
[WhiteFideId "2001470"]
[BlackFideId "2107139"]
[WhiteElo "2367"]
[BlackElo "2776"]
[Result "0-1"]
[Round "3"]
[TimeControl "180+1"]
[Date "2023.08.08"]
[WhiteClock "0:00:20"]
[BlackClock "0:01:49"]
[Board "41"]

1. d4 Nf6 2. Bg5 Ne4 3. Bf4 g5 4. Bc1 g4 5. Nd2 d5 6. Nxe4 dxe4 7. Bf4 Bf5 8. e3 e6 9. c3 Bd6 10. Ne2 Nd7 11. Qb3 Qc8 12. h3 gxh3 13. gxh3 Nf6 14. Bxd6 cxd6 15. Ng3 Bg6 16. Bb5+ Kf8 17. h4 h5 18. O-O-O a6 19. Be2 b5 20. Kb1 Qc6 21. c4 bxc4 22. Bxc4 Ke7 23. Rc1 Rhb8 24. Qa3 Qb6 25. Ne2 a5 26. Nf4 Bf5 27. Rc2 Ra7 28. Rhc1 Bg4 29. Be2 Bxe2 30. Nxe2 Nd5 31. Rc6 Qb4 32. Qxb4 axb4 33. Ng3 f5 34. Nxh5 Rh8 35. Nf4 Nxf4 36. exf4 Rxh4 37. Rc7+ Rxc7 38. Rxc7+ Kd8 39. Rc4 Rxf4 40. Rxb4 Rxf2 41. Kc1 e3 42. Kd1 f4 43. Rb3 Rd2+ 44. Ke1 Rxd4 45. Ke2 e5 46. Rd3 Rxd3 47. Kxd3 d5 48. b4 e4+ 49. Ke2 d4 0-1


[Site "https://www.chess.com"]

[Event "Titled Tuesday Blitz August 08 Late 2023"]
[White "GaiozNigalidze"]
[Black "Firouzja, Alireza"]
[BlackFideId "12573981"]
[WhiteElo "2417"]
[BlackElo "3080"]
[Result "0-1"]
[Round "3"]
[TimeControl "180+1"]
[Date "2023.08.08"]
[WhiteClock "0:00:11"]
[BlackClock "0:00:07"]
[Board "42"]

1. a3 g6 2. d4 Nf6 3. Nf3 Bg7 4. g3 O-O 5. Bg2 d6 6. O-O Nbd7 7. b4 e5 8. dxe5 dxe5 9. Bb2 e4 10. Nd4 Nb6 11. Nb3 Qe7 12. Bd4 Rd8 13. Qc1 Ng4 14. Bxg7 Kxg7 15. Qb2+ Kg8 16. h3 Ne5 17. Nc5 Nec4 18. Qc3 e3 19. f4 Nd6 20. a4 c6 21. Na3 Nd5 22. Qe5 Qxe5 23. fxe5 Nf5 24. Rfd1 Be6 25. Nxb7 Rf8 26. g4 Ng3 27. Bf3 Nf4 28. Kh2 Ngxe2 29. Bxe2 Nxe2 30. Re1 Nd4 31. Rxe3 Rab8 32. Nc5 Rxb4 33. Kg3 Rb2 34. c3 Nb3 35. Nxb3 Rxb3 36. Nc2 Rd8 37. Kf4 c5 38. a5 Rd2 39. Ne1 h6 40. Kg3 g5 41. a6 Bd5 42. Nf3 Rc2 43. Rd1 Bc4 44. Rd2 Rcxc3 45. Rxc3 Rxc3 46. Rd8+ Kg7 47. Kf2 Bxa6 48. e6 fxe6 49. Rd7+ Kf6 50. Rxa7 Bd3 51. Nd2 Bg6 52. Nf3 Be4 53. Nd2 Bd5 54. Rc7 c4 55. Ke2 Ke5 56. Nf1 Kd4 57. Nd2 Rxh3 58. Rc8 Rh2+ 59. Ke1 Kd3 60. Nf1 Re2+ 61. Kd1 Ra2 62. Ke1 c3 63. Ng3 Rg2 64. Nf1 Re2+ 65. Kd1 Bb3+ 66. Kc1 Re1# 0-1


[Site "https://www.chess.com"]

[Event "Titled Tuesday Blitz August 08 Late 2023"]
[White "Schwabeneder, Florian"]
[Black "Kramnik, Vladimir"]
[WhiteFideId "1626191"]
[BlackFideId "4101588"]
[WhiteElo "2628"]
[BlackElo "2974"]
[Result "0-1"]
[Round "3"]
[TimeControl "180+1"]
[Date "2023.08.08"]
[WhiteClock "0:00:00"]
[BlackClock "0:00:06"]
[Board "43"]

1. e4 c5 2. Nf3 e6 3. b3 a6 4. Bb2 d5 5. exd5 exd5 6. Qe2+ Be6 7. g3 Nc6 8. Bg2 Nh6 9. d4 Nf5 10. O-O Nfxd4 11. Nxd4 cxd4 12. c3 Be7 13. cxd4 O-O 14. Nd2 Re8 15. Nf3 Bf8 16. Qd2 f6 17. Rfe1 Qd7 18. Re3 Rac8 19. a3 Bh3 20. Rae1 Bxg2 21. Kxg2 Rxe3 22. Rxe3 Ne7 23. Rc3 g5 24. Rxc8 Nxc8 25. h3 Nd6 26. a4 Ne4 27. Qc2 b5 28. Ne1 bxa4 29. bxa4 Nd6 30. Ba3 Nc4 31. Bxf8 Kxf8 32. Nd3 Qf5 33. Qe2 a5 34. Nc5 Nd6 35. Qa6 Ne4 36. Qe2 Kg7 37. Nb3 Qd7 38. Qb5 Qxb5 39. axb5 a4 40. b6 Nd6 41. Na5 a3 42. Nb3 a2 43. Kf3 f5 44. Ke2 Kf6 45. Kd3 g4 46. h4 f4 47. Kc3 fxg3 48. fxg3 Kf5 49. Kb2 Ke4 50. Nc5+ Kf3 51. b7 Nxb7 52. Nxb7 Kxg3 53. Nd8 Kf2 54. Ne6 g3 55. Nf4 g2 56. Nxg2 Kxg2 57. Kxa2 Kf3 58. Kb3 Ke4 59. Kc3 h5 0-1


[Site "https://www.chess.com"]

[Event "Titled Tuesday Blitz August 08 Late 2023"]
[White "Elsa167"]
[Black "Di Berardino, Diego Rafael"]
[BlackFideId "2105446"]
[WhiteElo "2903"]
[BlackElo "2618"]
[Result "1-0"]
[Round "3"]
[TimeControl "180+1"]
[Date "2023.08.08"]
[WhiteClock "0:02:25"]
[BlackClock "0:00:00"]
[Board "44"]

1. d4 Nf6 2. c4 g6 3. Nc3 Bg7 4. e4 d6 5. h3 O-O 6. Be3 c5 7. Nf3 cxd4 8. Nxd4 b6 9. Qd2 Bb7 10. f3 Nbd7 11. Bh6 Bxh6 12. Qxh6 Rc8 13. h4 Ne5 14. h5 Nxc4 15. hxg6 e6 16. g7 Re8 17. g4 Ne5 18. g5 Ned7 19. gxf6 Nxf6 20. e5 dxe5 21. Bd3 e4 22. Nxe4 1-0


[Site "https://www.chess.com"]

[Event "Titled Tuesday Blitz August 08 Late 2023"]
[White "Rostomyan, Mikayel"]
[Black "Ozen, Deniz"]
[WhiteFideId "13313754"]
[BlackFideId "6349196"]
[WhiteElo "2605"]
[BlackElo "2840"]
[Result "0-1"]
[Round "3"]
[TimeControl "180+1"]
[Date "2023.08.08"]
[WhiteClock "0:01:53"]
[BlackClock "0:02:27"]
[Board "45"]

1. d4 Nf6 2. Nf3 d5 3. c4 c6 4. e3 Bg4 5. Qb3 Bxf3 6. Qxb7 Nbd7 7. gxf3 e5 8. Qxc6 exd4 9. cxd5 Rc8 10. Qa4 Rxc1+ 11. Kd2 Qc7 12. Bb5 Rxh1 0-1


[Site "https://www.chess.com"]

[Event "Titled Tuesday Blitz August 08 Late 2023"]
[White "Guseinov, Gadir"]
[Black "Deng, Henry"]
[WhiteFideId "13401378"]
[BlackFideId "30965454"]
[WhiteElo "2787"]
[BlackElo "2580"]
[Result "1-0"]
[Round "3"]
[TimeControl "180+1"]
[Date "2023.08.08"]
[WhiteClock "0:01:02"]
[BlackClock "0:00:50"]
[Board "46"]

1. e4 e5 2. Nf3 Nc6 3. d4 exd4 4. Bc4 Bc5 5. Ng5 Nh6 6. Nxf7 Nxf7 7. Bxf7+ Kxf7 8. Qh5+ g6 9. Qxc5 d5 10. O-O dxe4 11. c3 Qd6 12. Qxd6 cxd6 13. cxd4 Nxd4 14. Nc3 Bg4 15. Nxe4 Nc2 16. Nxd6+ Ke6 17. Bf4 Nxa1 18. Rxa1 Raf8 19. Bg3 b6 20. h3 Bf5 21. Re1+ Kd7 22. Rd1 Kc6 23. Rc1+ Kd7 24. Nb5 Rc8 25. Rd1+ Ke6 26. Bh4 a6 27. Rd6+ Kf7 28. Nd4 Rc1+ 29. Kh2 Ra1 30. Rf6+ Ke8 31. Rxb6 Bc8 32. a3 Rd1 33. Rd6 Rf8 34. Bg3 Bd7 35. b4 Rd3 36. f3 Rxa3 37. Rb6 Rd3 38. Be5 Bb5 39. Ne6 Rf5 40. Ng7+ Kf7 41. Nxf5 gxf5 42. Rf6+ Ke7 43. Rxf5 Rd2 44. Rh5 Bf1 45. Rg5 h6 46. Rg7+ Ke6 47. Bc7 Rb2 48. Ba5 Kf6 49. Rg8 Kf7 50. Rg3 h5 51. h4 Kf6 52. Rg5 Kf7 53. Kg1 Rb1 54. Rxh5 Bd3+ 55. Kh2 Rb2 56. Rg5 Bf1 57. h5 Kf6 58. Bd8+ Kf7 59. h6 Rxb4 60. Rg7+ Kf8 61. Be7+ 1-0


[Site "https://www.chess.com"]

[Event "Titled Tuesday Blitz August 08 Late 2023"]
[White "Jaracz, Pawel"]
[Black "Principe, Alexander"]
[WhiteFideId "1102222"]
[BlackFideId "3804542"]
[WhiteElo "2763"]
[BlackElo "2563"]
[Result "1-0"]
[Round "3"]
[TimeControl "180+1"]
[Date "2023.08.08"]
[WhiteClock "0:00:11"]
[BlackClock "0:00:00"]
[Board "47"]

1. d4 Nf6 2. c4 g6 3. Nc3 Bg7 4. e4 O-O 5. Be2 d6 6. Nf3 e5 7. O-O Nc6 8. d5 Ne7 9. Ne1 Nd7 10. f3 f5 11. Be3 f4 12. Bf2 g5 13. Nd3 Rf6 14. g4 fxg3 15. hxg3 b6 16. Be3 h6 17. Rf2 Nc5 18. Ne1 a5 19. Ng2 Ng6 20. Kf1 Bh3 21. Ke1 Qd7 22. Kd2 Rf7 23. Qh1 Nf4 24. gxf4 exf4 25. Bxc5 bxc5 26. Bd1 Rb8 27. Kc1 Bd4 28. Ba4 Qc8 29. Re2 Kg7 30. Bc6 g4 31. Nh4 g3 32. Nb5 Be5 33. Na7 Qa6 34. Bb5 Qxa7 35. Qxh3 Rh8 36. Qg4+ Kf6 37. Qg6+ Ke7 38. Qe6+ Kf8 39. Ng6+ Kg7 40. Nxh8 Rf6 41. Qe8 a4 42. a3 Qa5 43. Kc2 c6 44. dxc6 Bxb2 45. Kxb2 Qd2+ 46. Rxd2 d5 47. cxd5 Re6 48. Qxe6 1-0


[Site "https://www.chess.com"]

[Event "Titled Tuesday Blitz August 08 Late 2023"]
[White "Moral Garcia, Serafin"]
[Black "Aradhya, Garg"]
[WhiteFideId "2201925"]
[BlackFideId "25006746"]
[WhiteElo "2559"]
[BlackElo "2757"]
[Result "1-0"]
[Round "3"]
[TimeControl "180+1"]
[Date "2023.08.08"]
[WhiteClock "0:00:26"]
[BlackClock "0:00:09"]
[Board "48"]

1. e4 e5 2. Nf3 Nc6 3. Nc3 Nf6 4. Nxe5 Nxe5 5. d4 Nc6 6. d5 Nb8 7. e5 Ng8 8. d6 Ne7 9. Bc4 cxd6 10. exd6 Nf5 11. Qe2+ Be7 12. dxe7 Qxe7 13. Qxe7+ Nxe7 14. Nb5 d5 15. Nc7+ Kd7 16. Nxd5 Nbc6 17. Be3 Nxd5 18. Bxd5 f6 19. O-O-O Kc7 20. Rd2 Bd7 21. Rhd1 Rhd8 22. Bf4+ Kc8 23. Be4 Be6 24. Rxd8+ Nxd8 25. Bxh7 a5 26. a4 Bd7 27. b3 Ne6 28. Be3 Kc7 29. Be4 Re8 30. Bg6 Re7 31. Re1 Nf8 32. Bb6+ Kd6 33. Bc5+ Kxc5 34. Rxe7 Kd6 35. Rxg7 Bc6 36. f3 Ne6 37. Rg8 Nf4 38. Be4 Bxe4 39. fxe4 Ke5 40. Re8+ Kd4 41. g3 Ng6 42. h4 Ne5 43. h5 Kxe4 44. h6 Kf5 45. h7 Nf7 46. h8=Q Nxh8 47. Rxh8 1-0


[Site "https://www.chess.com"]

[Event "Titled Tuesday Blitz August 08 Late 2023"]
[White "Mahdavi, Reza"]
[Black "Janaszak, Dawid"]
[WhiteFideId "12595926"]
[BlackFideId "1119206"]
[WhiteElo "2757"]
[BlackElo "2555"]
[Result "1-0"]
[Round "3"]
[TimeControl "180+1"]
[Date "2023.08.08"]
[WhiteClock "0:00:23"]
[BlackClock "0:00:00"]
[Board "49"]

1. e4 e5 2. Nf3 Nc6 3. Bb5 a6 4. Ba4 Nf6 5. O-O d6 6. c3 g6 7. d4 Bd7 8. Bc2 Bg7 9. h3 O-O 10. Be3 Qe8 11. Nbd2 Nh5 12. Re1 a5 13. a4 Kh8 14. dxe5 Nxe5 15. Nxe5 Qxe5 16. Bd4 Qg5 17. Nf3 Qe7 18. e5 d5 19. Qd2 c5 20. Be3 d4 21. cxd4 cxd4 22. Bxd4 Bc6 23. Qe3 Rfc8 24. Bb3 Bxf3 25. Qxf3 Qb4 26. Rad1 Rd8 27. Re4 Qf8 28. Bxf7 Qe7 29. e6 Rxd4 30. Rexd4 Bxd4 31. Rxd4 Nf6 32. Qc3 Kg7 33. Rd7 Qb4 34. Be8+ 1-0


[Site "https://www.chess.com"]

[Event "Titled Tuesday Blitz August 08 Late 2023"]
[White "Skvortsov, Andrei"]
[Black "Hajiyev, Kanan"]
[WhiteFideId "24108600"]
[BlackFideId "13404148"]
[WhiteElo "2713"]
[BlackElo "2553"]
[Result "1/2-1/2"]
[Round "3"]
[TimeControl "180+1"]
[Date "2023.08.08"]
[WhiteClock "0:00:34"]
[BlackClock "0:00:10"]
[Board "50"]

1. e4 c6 2. e5 d5 3. exd6 exd6 4. d4 Nf6 5. Nf3 Bg4 6. Bd3 Be7 7. h3 Bh5 8. O-O O-O 9. c4 d5 10. c5 b6 11. cxb6 axb6 12. Bf4 c5 13. Be2 Nc6 14. Be3 Ne4 15. Nc3 f5 16. Ne5 Bxe2 17. Nxc6 Bxd1 18. Nxd8 Rfxd8 19. Rfxd1 c4 20. Ne2 b5 21. f3 Nf6 22. Nf4 Kf7 23. h4 b4 24. g3 Ra6 25. b3 c3 26. Nd3 Rda8 27. Nc1 Bd6 28. Kg2 h6 29. Re1 Nh5 30. Bf2 g5 31. Rh1 g4 32. Re1 Nf6 33. Re2 gxf3+ 34. Kxf3 Ne4 35. Be1 h5 36. Nd3 Rg8 37. Rg2 Kf6 38. Rc1 Rga8 39. Rcc2 R6a7 40. Rge2 Rg8 41. Rg2 Rag7 42. Nf4 Bxf4 43. Kxf4 Ra8 44. Kf3 Rga7 45. Rge2 Ke6 46. Bf2 Kd6 47. Be3 Ke6 48. Bf4 Ra3 49. Ke3 Rg8 50. Kf3 Ra7 51. Rg2 Kf6 52. Be5+ Ke6 53. Bf4 Rg6 54. Ke3 Nf6 55. Kf3 Re7 56. Bg5 Kf7 57. a3 bxa3 58. Bxf6 Ra7 59. Bg5 Rb6 60. Bc1 Rxb3 61. Ra2 Ke6 62. Rgc2 Ra4 63. Ke2 Rxd4 64. Rxa3 Rxa3 65. Bxa3 Rg4 66. Rxc3 d4 67. Rf3 f4 68. Rxf4 Rxg3 69. Rxd4 Rxa3 70. Kf2 Rh3 71. Kg2 Re3 72. Rb4 Kf6 73. Rb5 Kg6 74. Rg5+ Kh6 75. Ra5 Re2+ 76. Kf3 Re6 77. Kf4 Rf6+ 78. Kg3 Rg6+ 79. Kh3 Rf6 80. Re5 Rg6 81. Rf5 Rg4 82. Rf6+ Rg6 83. Rf5 Rg4 84. Rf6+ Rg6 85. Rf5 1/2-1/2


[Site "https://www.chess.com"]

[Event "Titled Tuesday Blitz August 08 Late 2023"]
[White "Ballester Llagaria, Luis Eduardo"]
[Black "Morefield, Jason"]
[WhiteFideId "2297620"]
[BlackFideId "30920825"]
[WhiteElo "2547"]
[BlackElo "2704"]
[Result "0-1"]
[Round "3"]
[TimeControl "180+1"]
[Date "2023.08.08"]
[WhiteClock "0:00:02"]
[BlackClock "0:00:11"]
[Board "51"]

1. e4 c5 2. Nc3 Nc6 3. Bb5 Nd4 4. Nf3 a6 5. Bd3 g6 6. O-O Bg7 7. Nxd4 cxd4 8. Ne2 e6 9. c3 dxc3 10. dxc3 Ne7 11. f4 f5 12. e5 b6 13. Nd4 Bb7 14. b3 Kf7 15. Ba3 Nd5 16. Qd2 b5 17. c4 bxc4 18. bxc4 Ne7 19. Rab1 Bc6 20. Bd6 Bf8 21. Qf2 Qa5 22. Qh4 Qc3 23. Nxc6 Nxc6 24. Rb7 Qd4+ 25. Kh1 Qxd3 26. Rxd7+ Ke8 27. Re1 Kxd7 28. Qf6 Be7 29. Bxe7 Nxe7 30. Qh4 Rab8 31. Qf2 Rb1 32. h3 Rxe1+ 33. Qxe1 Qxc4 34. Qa5 Nd5 35. Qxa6 Qxa6 0-1


[Site "https://www.chess.com"]

[Event "Titled Tuesday Blitz August 08 Late 2023"]
[White "Papayan, Oleg"]
[Black "Zeynalli, Rashad"]
[WhiteFideId "4193911"]
[BlackFideId "13403320"]
[WhiteElo "2519"]
[BlackElo "2655"]
[Result "1-0"]
[Round "3"]
[TimeControl "180+1"]
[Date "2023.08.08"]
[WhiteClock "0:00:04"]
[BlackClock "0:00:07"]
[Board "52"]

1. e4 c6 2. Nc3 d5 3. Nf3 Bg4 4. Qe2 e6 5. exd5 cxd5 6. Qb5+ Nd7 7. Qxb7 Bxf3 8. gxf3 Rb8 9. Qxa7 Bc5 10. Qa6 Qh4 11. Nd1 Ne7 12. c3 e5 13. Bb5 h5 14. Qa4 Qxa4 15. Bxa4 Kd8 16. b4 Ba7 17. Rg1 Ng6 18. Bxd7 Kxd7 19. d3 d4 20. a3 dxc3 21. Nxc3 Bd4 22. Bb2 Nf4 23. Kd2 g6 24. Na4 Ne6 25. Bxd4 Nxd4 26. Nc5+ Ke7 27. Rg3 h4 28. Rh3 Rhc8 29. Kc3 g5 30. f4 Ne2+ 31. Kc4 Nxf4 32. Re3 f6 33. d4 Ng6 34. dxe5 Nxe5+ 35. Kb3 Rxc5 36. a4 Rc4 37. b5 Rd4 38. Rc1 Ra8 39. Rc7+ Kd6 40. Rb7 Raxa4 41. Rb6+ Kc5 42. Rxf6 Rdb4+ 43. Kc3 Ra3+ 44. Kc2 Rxe3 45. fxe3 Rxb5 46. Rf5 Kc4 47. Rxg5 Nf3 48. Rg4+ Kd5 49. Rf4 Ke5 50. Rxf3 Rc5+ 51. Kd3 Ra5 52. Rf4 Ra3+ 53. Ke2 Ra2+ 54. Kf3 Rxh2 55. Re4+ Kf5 56. Rf4+ Kg5 57. Rg4+ Kh5 58. Rg8 Rh1 59. e4 Rf1+ 60. Ke2 Rf4 61. Ke3 Rf6 62. e5 Re6 63. Kf4 h3 64. Kf5 Rh6 65. e6 h2 66. e7 h1=Q 67. e8=Q+ Kh4 68. Rg4+ Kh3 69. Qe3+ Kh2 70. Qg3# 1-0


[Site "https://www.chess.com"]

[Event "Titled Tuesday Blitz August 08 Late 2023"]
[White "Dragomirescu, Robin-Alexandru"]
[Black "Hua, Lefong"]
[WhiteFideId "1213849"]
[BlackFideId "2602253"]
[WhiteElo "2518"]
[BlackElo "2649"]
[Result "1/2-1/2"]
[Round "3"]
[TimeControl "180+1"]
[Date "2023.08.08"]
[WhiteClock "0:01:41"]
[BlackClock "0:01:35"]
[Board "53"]

1. b3 Nf6 2. Bb2 g6 3. Bxf6 exf6 4. c4 b6 5. Nc3 Bg7 6. d4 O-O 7. g3 Bb7 8. d5 f5 9. Rc1 d6 10. Bg2 Nd7 11. Nf3 Re8 12. O-O Nf6 13. Nd4 Ne4 14. e3 Nxc3 15. Rxc3 h5 16. h4 Qf6 17. Rd3 Re7 18. b4 a5 19. a3 axb4 20. axb4 Ree8 21. Qc2 Qe7 22. Rc1 Ra6 23. c5 bxc5 24. bxc5 Rea8 25. cxd6 cxd6 26. Qc7 Qxc7 27. Rxc7 Ra1+ 28. Kh2 Ba6 29. Rd2 Bxd4 30. Rxd4 Ra2 31. Kg1 Ra1+ 32. Kh2 Ra2 33. Kg1 Ra1+ 34. Kh2 1/2-1/2


[Site "https://www.chess.com"]

[Event "Titled Tuesday Blitz August 08 Late 2023"]
[White "Djabri, Massinas"]
[Black "Kleiman, Jake"]
[WhiteFideId "7905726"]
[BlackFideId "2020041"]
[WhiteElo "2411"]
[BlackElo "2633"]
[Result "0-1"]
[Round "3"]
[TimeControl "180+1"]
[Date "2023.08.08"]
[WhiteClock "0:00:00"]
[BlackClock "0:00:15"]
[Board "54"]

1. d4 Nf6 2. c4 e6 3. Nf3 Bb4+ 4. Bd2 Bxd2+ 5. Qxd2 O-O 6. Nc3 d5 7. Rc1 c6 8. e3 Nbd7 9. Be2 b6 10. cxd5 cxd5 11. Nb5 a6 12. Nd6 Qe7 13. Nxc8 Rfxc8 14. O-O b5 15. Rxc8+ Rxc8 16. Rc1 Qd8 17. Bd3 Rc7 18. Rc2 Qc8 19. h3 g6 20. g4 Ne8 21. Ne5 Nd6 22. Rxc7 Qxc7 23. Nxd7 Qxd7 24. Qc3 Kg7 25. Qc5 Ne8 26. b4 Qb7 27. h4 h6 28. f3 g5 29. hxg5 hxg5 30. Kg2 Nf6 31. Bb1 Qb8 32. Qc6 Qa7 33. Bd3 a5 34. Qc5 Qa8 35. bxa5 Qxa5 36. Qc2 Ne8 37. Qb2 Nd6 38. e4 Nc4 39. Qc1 Qxa2+ 40. Kg3 Qd2 41. Qxd2 Nxd2 42. exd5 b4 43. d6 Kf8 44. Kf2 Nb3 45. Ke3 Na5 46. Bb5 Nb7 47. d7 Ke7 48. Kd3 Nd6 49. Bc6 b3 50. Kc3 Nc4 51. Bb5 Nb6 52. Kxb3 Nd5 53. Kc4 Nc7 54. Ba4 Nd5 55. Kd3 f6 56. Ke4 Kd8 57. Bc6 Ne7 58. d5 exd5+ 59. Bxd5 Kxd7 60. Bb3 Kd6 61. Ba2 Kc5 62. Be6 Kd6 63. Bf7 Kc7 64. f4 Kd8 65. f5 Kd7 66. Be6+ Kd6 67. Bf7 Kc5 68. Be6 Kb4 69. Bf7 Kc3 70. Be6 Kd2 71. Kf3 Kd3 72. Ba2 Kd4 73. Be6 Nc6 74. Bf7 Ne5+ 75. Kg3 Nxf7 76. Kf3 Ne5+ 77. Kg3 Ke4 0-1


[Site "https://www.chess.com"]

[Event "Titled Tuesday Blitz August 08 Late 2023"]
[White "Koc, Przemyslaw"]
[Black "Naroditsky, Daniel"]
[WhiteFideId "1109081"]
[BlackFideId "2026961"]
[WhiteElo "2504"]
[BlackElo "3195"]
[Result "0-1"]
[Round "3"]
[TimeControl "180+1"]
[Date "2023.08.08"]
[WhiteClock "0:00:02"]
[BlackClock "0:02:14"]
[Board "55"]

1. Nf3 Nf6 2. g3 g6 3. Bg2 Bg7 4. O-O O-O 5. d4 d6 6. b3 c5 7. Bb2 cxd4 8. Nxd4 d5 9. c4 e5 10. Nf3 e4 11. Nd4 e3 12. f4 dxc4 13. bxc4 Ng4 14. Na3 Nf2 15. Rxf2 exf2+ 16. Kxf2 Nc6 17. Nxc6 bxc6 18. Bxg7 Kxg7 19. c5 Be6 20. Nc2 Qf6 21. Qd4 Rfd8 22. Qxf6+ Kxf6 23. Nb4 Rd2 24. Nxc6 Rc8 25. Ke3 Rb2 26. a4 a6 27. Rc1 Ra2 28. Na7 Rc7 29. Nc6 Rxa4 30. Ne5 Rb4 31. Nd3 Rb5 32. Ra1 a5 33. h3 Bb3 34. g4 a4 35. g5+ Ke7 36. Be4 Ra5 37. Ra3 Be6 38. h4 Bd7 39. Kd4 Bb5 40. e3 Bxd3 41. Bxd3 Rcxc5 42. Rxa4 Rd5+ 43. Ke4 Re5+ 44. fxe5 Rxa4+ 45. Kf3 Rxh4 46. Kg3 Rb4 47. Kf3 Ke6 0-1


[Site "https://www.chess.com"]

[Event "Titled Tuesday Blitz August 08 Late 2023"]
[White "Matlakov, Maxim"]
[Black "Ibadov, Dashgyn"]
[WhiteFideId "4168003"]
[BlackFideId "24107514"]
[WhiteElo "2995"]
[BlackElo "2504"]
[Result "1-0"]
[Round "3"]
[TimeControl "180+1"]
[Date "2023.08.08"]
[WhiteClock "0:00:24"]
[BlackClock "0:00:08"]
[Board "56"]

1. d4 Nf6 2. Nf3 d5 3. c4 e6 4. e3 c6 5. b3 Ne4 6. Bd3 f5 7. O-O Bd6 8. Ba3 O-O 9. Bxd6 Qxd6 10. Nbd2 Nd7 11. a3 b6 12. b4 Qe7 13. Rc1 a5 14. cxd5 cxd5 15. Qb3 axb4 16. axb4 Qd6 17. Rc2 Bb7 18. Bb5 Nxd2 19. Nxd2 Nf6 20. Nf3 Rfc8 21. Rxc8+ Rxc8 22. Ne5 Ng4 23. Nf3 h6 24. h3 Nf6 25. Ne5 Qc7 26. Ra1 Ne4 27. Bd7 Ra8 28. Bxe6+ Kh8 29. Rxa8+ Bxa8 30. Qb2 Nd6 31. Qa2 Qc1+ 32. Kh2 Bb7 33. Qa7 Qc7 34. Bxd5 Qc8 1-0


[Site "https://www.chess.com"]

[Event "Titled Tuesday Blitz August 08 Late 2023"]
[White "Yu, Jennifer"]
[Black "Zhigalko, Sergei"]
[WhiteFideId "2078341"]
[BlackFideId "13502956"]
[WhiteElo "2503"]
[BlackElo "2882"]
[Result "0-1"]
[Round "3"]
[TimeControl "180+1"]
[Date "2023.08.08"]
[WhiteClock "0:00:01"]
[BlackClock "0:00:03"]
[Board "57"]

1. c4 e5 2. Nc3 Nf6 3. g3 Bb4 4. Bg2 O-O 5. Nd5 Bc5 6. d3 Nxd5 7. cxd5 d6 8. Nf3 h6 9. O-O Nd7 10. e4 a5 11. b3 Bb6 12. Bb2 Nc5 13. Re1 f5 14. Rc1 fxe4 15. dxe4 Bg4 16. h3 Bh5 17. Rc3 Qf6 18. Qc2 Rf7 19. Bc1 Raf8 20. a3 Qd8 21. b4 Bxf3 22. bxc5 Bxc5 23. Be3 b6 24. Bxc5 bxc5 25. Bxf3 Rxf3 26. Rxf3 Rxf3 27. Qa4 Qa8 28. Rb1 Kh7 29. Qd7 Qf8 30. Rb2 Rxa3 31. Qxc7 Qf3 32. Rb1 Qxe4 33. Rd1 Qf3 34. Rb1 Qxd5 35. Qc8 Qd3 36. Rb8 Ra1+ 37. Kg2 Qe4+ 38. f3 Qe2# 0-1


[Site "https://www.chess.com"]